AoeStats
← Adriangaming1234

Fortress

510096484Analyzed
4v4 RM · 4d ago on Sep 29, 2026· 43m 39s· 8 players
Game mode
Random Map
Map size
Huge
Population
200
Speed
Normal
Resources
Standard
Victory
Conquest
Starting age
Dark Age
Ending age
Imperial Age
RankedLock teamsTeams togetherTeam positionsShared explorationLock speedFull tech treeHidden civsTurbo modeCheats
Victory
Defeat
🇹🇼 Persians · Taiwan
996
+15
🇨🇳 Magyars · China
993
+15
🇨🇳 Danes · China
950
+16
🇨🇳 Mongols · China
883
+19
🇵🇱 Poles · Poland
1000
-55
🇨🇳 Bohemians · China
960
-16
🇰🇿 Saxons · Kazakhstan
953
-16
🇰🇿 Franks · Kazakhstan
933
-15
永不投降嘻嘻
8:13 Feudal Age
11:58 Castle Age
10:44 Double-Bit Axe
10:40 Horse Collar
16:04 Bow Saw
17:13 Heavy Plow
19:34 Loom
19:42 Loom
25:06 Imperial Age
23:17 Fletching
25:16 Bodkin Arrow
25:22 Padded Archer Armor
25:59 Elite Skirmisher
26:42 Bracer
26:57 Leather Archer Armor
27:38 Scale Mail Armor
27:49 Forging
29:20 Ring Archer Armor
30:27 Two-Man Saw
30:03 Wheelbarrow
29:14 Town Watch
30:34 Forging
29:47 Pikeman
30:28 Squires
30:36 Halberdier
32:17 Guard Tower
34:03 Keep
33:48 Ballistics
33:27 Murder Holes
36:12 Chain Mail Armor
36:32 Iron Casting
38:29 Chemistry
37:54 Hand Cart
37:40 Town Patrol
38:13 Plate Mail Armor
39:22 Blast Furnace
Adriangaming1234
7:15 Feudal Age
5:33 Loom
7:53 Town Watch
18:29 Castle Age
GraphBrass
7:30 Feudal Age
11:23 Castle Age
9:14 Double-Bit Axe
10:00 Scale Mail Armor
14:18 Squires
16:08 Horse Collar
17:31 Wheelbarrow
17:12 Gambesons
22:34 Hand Cart
23:33 Forging
23:39 Chain Mail Armor
25:37 Loom
26:10 Gold Mining
26:22 Heavy Plow
26:35 Bow Saw
28:27 Fletching
28:37 Padded Archer Armor
28:46 Scale Barding Armor
31:54 Imperial Age
29:45 Bodkin Arrow
30:46 Chain Barding Armor
31:01 Thumb Ring
32:12 Cranequins
33:46 Husbandry
33:57 Bloodlines
33:29 Heavy Mounted Crossbowman
34:54 Bracer
36:37 Crossbowman
37:52 Conscription
37:40 Arbalester
42:26 Chemistry
ALFA_Tester
5:27 Loom
7:57 Feudal Age
12:17 Castle Age
11:50 Scale Barding Armor
11:56 Forging
12:02 Double-Bit Axe
13:15 Husbandry
25:27 Gold Mining
32:34 Imperial Age
31:16 Bow Saw
32:25 Wheelbarrow
32:37 Gold Shaft Mining
34:29 Conscription
35:21 Chemistry
34:36 Masonry
34:09 Treadmill Crane
35:30 Chemistry
35:58 Cavalier
36:13 Heavy Scorpion
37:40 Hand Cart
38:57 Siege Engineers
38:21 Paladin
宝宝巴士
7:47 Feudal Age
13:33 Castle Age
12:20 Loom
20:15 Wheelbarrow
20:19 Double-Bit Axe
20:17 Horse Collar
27:35 Imperial Age
26:23 Gold Mining
27:04 Ballistics
28:02 Thumb Ring
28:08 Heavy Plow
28:39 Bloodlines
28:29 Husbandry
28:56 Parthian Tactics
27:53 Elite Steppe Lancer
28:57 Conscription
28:02 Elite Mangudai
30:03 Gold Shaft Mining
29:19 Stone Mining
30:00 Drill
30:25 Scale Barding Armor
30:21 Padded Archer Armor
30:32 Forging
30:12 Fletching
31:35 Masonry
32:40 Hand Cart
33:14 Chain Barding Armor
33:30 Iron Casting
34:02 Stone Shaft Mining
33:38 Nomads
33:40 Caravan
33:57 Leather Archer Armor
33:38 Bodkin Arrow
33:58 Capped Ram
34:52 Bow Saw
36:26 Blast Furnace
35:21 Bodkin Arrow
36:49 Siege Ram
42:13 Bracer
42:14 Scale Mail Armor
人在阵地在
9:47 Feudal Age
14:12 Castle Age
12:09 Horse Collar
12:31 Double-Bit Axe
15:07 Fletching
28:02 Heavy Plow
30:04 Bloodlines
29:55 Husbandry
30:03 Scale Barding Armor
31:27 Wheelbarrow
31:43 Chain Barding Armor
31:57 Corvinian Army
36:48 Imperial Age
37:22 Bodkin Arrow
37:28 Padded Archer Armor
38:30 Plate Barding Armor
39:00 Heavy Cavalry Archer
40:07 Parthian Tactics
39:45 Recurve Bow
40:49 Elite Magyar Huszar
41:58 Bracer
42:14 Leather Archer Armor
42:22 Ballistics
43:03 Chemistry
42:10 Siege Engineers
mikey
7:48 Feudal Age
11:53 Castle Age
10:07 Double-Bit Axe
14:59 Bow Saw
19:28 Horse Collar
20:09 Heavy Plow
22:01 Scale Mail Armor
22:12 Forging
22:26 Gambesons
22:47 Squires
22:35 Arson
24:17 Wheelbarrow
23:28 Loom
23:28 Town Watch
24:04 Hamask
26:55 Iron Casting
26:36 Chain Mail Armor
27:35 Hand Cart
31:47 Imperial Age
30:19 Gold Mining
30:23 Fletching
30:49 Masonry
32:09 Town Patrol
33:28 Blast Furnace
33:00 Plate Mail Armor
32:26 Bodkin Arrow
32:14 Elite Jomsviking
32:17 Elite Varangian Guard
33:56 Ballistics
34:42 Gold Shaft Mining
33:59 Stone Mining
34:33 Conscription
41:56 Capped Ram
43:08 Northmen's Fury
心死就在一瞬間
0:58 Loom
7:25 Feudal Age
13:07 Castle Age
11:05 Double-Bit Axe
13:02 Scale Barding Armor
13:15 Bloodlines
23:35 Gold Mining
34:24 Wheelbarrow
37:21 Hand Cart
38:58 Bow Saw
41:37 Imperial Age
40:13 Stone Mining
40:47 Caravan
42:23 Stone Shaft Mining
42:49 Elite War Elephant
43:37 Horse Collar
Connection lost

Rejoining the realm…

Still unreachable

The connection could not be restored.

Session expired

The server has moved on; the page needs a fresh start.